 Dungeon Crawl Stone Soup version 0.28.0-53-g5a82cb258f (webtiles) character file.

Game seed: 10138641955192235625

358 Zeld the Conjurer (level 6, -2/32 HPs)
             Began as a Deep Elf Conjurer on May 24, 2022.
             Killed by divine providence
             ... invoked by an orc priest
              (16 damage)
             ... on level 4 of the Dungeon.
             The game lasted 00:03:36 (4074 turns).

Zeld the Conjurer (Deep Elf Conjurer)               Turns: 4074, Time: 00:03:37

Health: -2/32      AC:  4    Str:  4    XL:     6   Next: 37%
Magic:  12/16      EV: 12    Int: 25    God:
Gold:   193        SH:  0    Dex: 13    Spells: 5/16 levels left

rFire   + . .      SeeInvis .   i - +11 hand axe "Hukunism" {freeze, rPois rF+}
rCold   . . .      Faith    .   (no shield)
rNeg    . . .      Spirit   .   a - +0 robe
rPois   +          Reflect  .   l - +0 helmet
rElec   .          Harm     .   (no cloak)
rCorr   .          Rampage  .   c - +0 pair of gloves
Will    .....                   (no boots)
Stlth   ++........              (no amulet)
HPRegen 0.10/turn               f - ring of poison resistance
MPRegen 0.15/turn               (no ring)

@: no status effects
A: no striking features
a: no special abilities


You were on level 4 of the Dungeon.
You visited 1 branch of the dungeon, and saw 4 of its levels.

You collected 238 gold pieces.
You spent 45 gold pieces at shops.

Inventory:

Hand Weapons
 i - the +11 hand axe "Hukunism" (weapon) {freeze, rPois rF+}
   (You found it on level 3 of the Dungeon)

   It freezes those it strikes, dealing additional cold damage.
   It can also slow down cold-blooded creatures.
   rF:        It protects you from fire.
   rPois:     It protects you from poison.
Armour
 a - a +0 robe (worn)
 c - a +0 pair of gloves (worn)
 l - a +0 helmet (worn)
Jewellery
 f - a ring of poison resistance (left hand)
Wands
 o - a wand of iceblast (13)
Scrolls
 d - a scroll of brand weapon {unknown}
 h - 3 scrolls of identify {unknown}
 j - a scroll of noise {unknown}
 k - a scroll of teleportation {unknown}
 n - a scroll of immolation {unknown}
Potions
 b - 3 potions of might {unknown}
 e - 2 potions of attraction {unknown}
 g - a potion of flight {unknown}
 m - 2 potions of brilliance {unknown}


   Skills:
 - Level 2.4 Dodging
 - Level 2.4 Stealth
 + Level 5.7 Spellcasting
 * Level 6.7 Conjurations
 - Level 2.0 Hexes
 - Level 2.0 Translocations


You had 5 spell levels left.
You knew the following spells:

 Your Spells              Type           Power      Damage    Failure   Level
a - Magic Dart            Conj           100%       1d8       1%          1
b - Searing Ray           Conj           80%        2d7       1%          2
c - Fulminant Prism       Conj/Hex       14%        3d9       13%         4
d - Iskenderun's Mystic   Conj/Tloc      29%        2d7       13%         4

Your spell library contained the following spells:

 Spells                   Type           Power      Damage    Failure   Level
 Dazzling Flash           Conj/Hex       58%        N/A       3%          3
 Confusing Touch          Hex            17%        N/A       10%         3
 Yara's Violent Unravell  Hex/Tmut       6%         3d5       80%         5
 Enfeeble                 Hex            8%         N/A       100%        7


Dungeon Overview and Level Annotations

Branches:
Dungeon (4/15)
 Temple: D:4-7

Altars:
Ashenzari
Uskayaw

Shops:
D:1 [


Message History

You hit the orc priest but do no damage.
The orc priest hits you with a +0 dagger.
The orc priest hits you but does no damage.
You barely miss the orc priest.
The orc priest hits you with a +0 dagger.
You closely miss the orc priest.
The orc priest mumbles some strange prayers to Beogh against you.
Beogh smites you!
You closely miss the orc priest.
The orc priest hits you with a +0 dagger.
The orc priest hits you but does no damage.
You are too injured to fight recklessly!
You barely miss the orc priest.
The orc priest hits you but does no damage.
You are too injured to fight recklessly!
Casting: Searing Ray (safe; 1% risk of failure)
Confirm with . or Enter, or press ? or * to list all spells.
Aiming: Searing Ray (safe; 1% risk of failure)
Press: ? - help, Shift-Dir - straight line, f - orc
Aim: an orc, wielding a +0 club and wearing a +0 ring mail (84% to hit)
The searing ray hits the orc priest!
The orc priest is heavily wounded.
The searing ray hits the orc.
The orc is moderately wounded. (Press . to maintain the ray.)
The orc priest calls upon Beogh to heal the orc.
The orc's wounds heal themselves!
The searing ray hits the orc priest.
The orc priest is severely wounded.
The searing ray hits the orc but does no damage.
The orc priest hits you but does no damage.
Unknown command.
The searing ray hits the orc priest.
The orc priest is almost dead.
The searing ray hits the orc!
You kill the orc!
The orc priest invokes the aid of Beogh against you.
Beogh smites you!
Ouch! That really hurt!
You die...

... #.# #.# ... #.# #)# #o# #
######## #@# ######### .......#
######.### #....<.##
.#####.####...))...# #.####.##
.##.##.##.#.###).#.# #.# #.##
.#..........# ...#.######.####.##
.......##.#.#...............##.##
###.#####..........######.#.##.##
#.# #####.....## #......##
###.#### ##...## #####.####


You could see an orc priest.

Vanquished Creatures
  A black bear (D:4)
  A vampire bat (D:3)
  An iguana (D:4)
  An orc wizard (D:4)
  Robin (D:4)
  A gnoll (D:3)
  6 adders
  3 dart slugs
  9 orcs
  4 ball pythons
  13 bats
  5 endoplasms
  4 giant cockroaches
  13 goblins
  8 hobgoblins
  2 jackals (D:2)
  6 kobolds
  4 quokkas
  A frilled lizard (D:3)
  5 rats
89 creatures vanquished.

Notes
Turn   | Place    | Note
-------+----------+-------------------------------------------
     0 | D:1      | Zeld the Deep Elf Conjurer began the quest for the Orb.
     0 | D:1      | Reached XP level 1. HP: 10/10 MP: 6/6
   246 | D:1      | Reached skill level 1 in Hexes
   337 | D:1      | Reached skill level 1 in Translocations
   337 | D:1      | Reached XP level 2. HP: 15/15 MP: 6/8
   608 | D:1      | Learned a level 2 spell: Searing Ray
  1121 | D:1      | Found Quug's Armour Shoppe.
  1148 | D:1      | Bought a +0 pair of gloves for 45 gold pieces
  1310 | D:2      | Reached XP level 3. HP: 19/19 MP: 6/9
  1979 | D:2      | Reached skill level 5 in Conjurations
  1979 | D:2      | Reached XP level 4. HP: 24/24 MP: 7/12
  2415 | D:3      | Found a broken altar of Ashenzari.
  2477 | D:3      | Learned a level 4 spell: Fulminant Prism
  2482 | D:3      | Learned a level 4 spell: Iskenderun's Mystic Blast
  2551 | D:3      | Reached XP level 5. HP: 27/28 MP: 3/14
  2797 | D:3      | Found a hide-covered altar of Uskayaw.
  2814 | D:3      | Identified the +11 hand axe "Hukunism" {freeze, rPois rF+}
  3191 | D:3      | Found a faded altar of an unknown god.
  3380 | D:4      | Noticed Robin
  3386 | D:4      | Reached skill level 5 in Spellcasting
  3388 | D:4      | Killed Robin
  3721 | D:4      | Noticed a black bear
  3724 | D:4      | Killed a black bear
  3725 | D:4      | Reached skill level 6 in Conjurations
  3725 | D:4      | Reached XP level 6. HP: 24/32 MP: 14/16
  4074 | D:4      | Killed from afar by an orc priest

Illustrated notes

Levels and vault maps discovered:
D:1:      minmay_arrival_glassed_features, layout_basic, serial_shops,
          nicolae_shop_crystal
D:2:      layout_rooms, hangedman_decor_points
D:3:      layout_rooms, mainiacjoe_overflow_small_starburst,
          mainiacjoe_overflow_chevrons, ebering_ecumenical_altar_hall,
          roderic_batcave, minmay_puff
D:4:      layout_loops_corners, uniq_edmund, uniq_robin

Skill      XL: |  1  2  3  4  5 |
---------------+----------------+-----
Hexes          | 1 2 |  2.0
Translocations | 1 2 |  2.0
Spellcasting   | 4 5 |  5.7
Conjurations   | 5 6 |  6.7
Dodging        | |  2.4
Stealth        | |  2.4

Action                   |  1- 3 |  4- 6 || total
-------------------------+-------+-------++-------
Melee: Unarmed           |     9 |     6 ||    15
       Hand axe          |       |    53 ||    53
 Cast: Magic Dart        |    33 |     9 ||    42
       Searing Ray       |    20 |    15 ||    35
       Iskenderun's Myst |       |     1 ||     1
 Stab: Sleeping          |     1 |     4 ||     5
Armor: Robe              |     5 |    24 ||    29
Dodge: Dodged            |    24 |    44 ||    68
